Cogmind - Beta 9.6 @@@ ROGUE MODE // 2020.06.05 @ 20:31:06 Player: Ben'n'Dan Result: Self-destructed Performance ------------- Evolutions (2) 1000 Regions Visited (3) 600 Robots Destroyed (0) 0 Value Destroyed (0) 0 Prototype IDs (2) 40 Alien Tech Used (0) 0 Bonus (470) 470 TOTAL SCORE: 2110 Bonus ------- Pacifist 470 Cogmind --------- Core Integrity 376/550 Matter 236/300 Energy 99/100 System Corruption 0% Temperature Cool (0) Movement Core (50) Location -8/Materials Parts ------- > --- POWER (1) -------- (None) > --- PROPULSION (4) --- (None) > --- UTILITY (4) ------ Improved Heat Sink Advanced Visual Processing Unit Signal Interpreter System Shield > --- WEAPON (2) ------- (None) > --- INVENTORY (4) ---- Ion Engine Peak State ------------ > --- POWER ------------ Ion Engine > --- PROPULSION ------- Cesium-ion Thruster > --- UTILITY ---------- Improved Heat Sink Advanced Visual Processing Unit Signal Interpreter > --- WEAPON ----------- (None) > --- INVENTORY -------- Ion Engine [Rating: 11] Favorites ----------- Power Ion Engine Engine Ion Engine Propulsion Cesium-ion Thruster Flight Unit Cesium-ion Thruster Utility Signal Interpreter Device Improved Heat Sink Processor Signal Interpreter Hackware System Shield Weapon EM Pulse Gun Energy Gun EM Pulse Gun Ballistic Gun Light Assault Rifle Build | -11 -10 -9 -8 ------- Run | Scr Mat Mat Mat Slots Evolved 4 | . . 2 2 Power . | . . . . Propulsion 2 | . . 1 1 Utility 2 | . . 1 1 Weapon . | . . . . Parts Attached 11 | 2 2 2 5 Power 1 | . . . 1 Engine 1 | . . . 1 Core . | . . . . Reactor . | . . . . Propulsion 1 | . . . 1 Treads . | . . . . Leg . | . . . . Wheel . | . . . . Hover . | . . . . Flight 1 | . . . 1 Utility 4 | . . 1 3 Device 1 | . . . 1 Storage . | . . . . Processor 2 | . . 1 1 Hackware 1 | . . . 1 Protection . | . . . . Artifact . | . . . . Weapon 5 | 2 2 1 . Energy Gun 3 | 1 1 1 . Energy Cannon . | . . . . Ballistic Gun 2 | 1 1 . . Ballistic Cannon . | . . . . Launcher . | . . . . Special Weapon . | . . . . Impact Weapon . | . . . . Slashing Weapon . | . . . . Piercing Weapon . | . . . . Special Melee Weapon . | . . . . Unidentified Prototypes . | . . . . Parts Lost 5 | . 1 2 2 Power 1 | . . . 1 Propulsion 1 | . . . 1 Utility . | . . . . Weapon 3 | . 1 2 . Highest Loss Streak 2 | . 1 2 2 Average Slot Usage (%) 27 | . 23 16 36 Engine 2 | . . . 4 Flight 2 | . . . 4 Device 4 | . . . 8 Processor 10 | . . 9 17 Energy Gun 4 | . 11 7 . Ballistic Gun 2 | . 11 . . Naked Turns 1 | . 1 . . Heaviest Build 6 | 3 3 2 6 Greatest Support 6 | 3 3 3 6 Greatest Overweight (x) . | . . . . Average Overweight (x) . | . . . . Largest Inventory Capacity 4 | 4 4 4 4 Average Capacity 4 | 4 4 4 4 Most Carried 3 | 3 3 3 3 Average Carried 2 | 1 3 2 1 Final Capacity 4 | 4 4 4 4 Final Carried 3 | 3 3 2 1 Class Distribution -------------------- 100% | Mutant Dominant Class ---------------- Mutant | -10/Materials Mutant | -9/Materials Mutant | -8/Materials Resources | -11 -10 -9 -8 ----------- Run | Scr Mat Mat Mat Matter Collected 212 | 212 . . . Remotely . | . . . . Salvage Created . | . . . . Parts . | . . . . Haulers Intercepted . | . . . . Recyclers Shooed . | . . . . Parts Field Recycled . | . . . . Retrieved Matter . | . . . . Parts Self-Destructed . | . . . . Prevented . | . . . . Kills | -11 -10 -9 -8 ------- Run | Scr Mat Mat Mat Combat Hostiles Destroyed . | . . . . Classes Destroyed . | . . . . Best Kill Streak . | . . . . Combat Bots Only . | . . . . Max Kills in Single Turn . | . . . . Gunslinging . | . . . . Exploded . | . . . . Melee . | . . . . Uniques/NPCs Destroyed . | . . . . Combat | -11 -10 -9 -8 -------- Run | Scr Mat Mat Mat Damage Taken 644 | . 125 221 298 Core 368 | . 33 161 174 Absorbed by Shields . | . . . . Core Remaining (%) 81 | 100 86 59 . Volleys Fired . | . . . . Largest . | . . . . Hottest . | . . . . Shots Fired . | . . . . Gun . | . . . . Cannon . | . . . . Launcher . | . . . . Special . | . . . . Kinetic . | . . . . Thermal . | . . . . Explosive . | . . . . Electromagnetic . | . . . . Robot Hit Streak . | . . . . Robot Miss Streak . | . . . . Penetration Max . | . . . . Secondary Targets . | . . . . Shots Hit Robots . | . . . . Core Hits 2 | . 2 . . Critical Hits . | . . . . Critical Kills . | . . . . Critical Parts Destroyed . | . . . . Melee Attacks . | . . . . Impact . | . . . . Slashing . | . . . . Piercing . | . . . . Sneak Attacks . | . . . . Combat Hostiles . | . . . . Follow-up Attacks . | . . . . Damage Inflicted 17 | . 17 . . Guns . | . . . . Cannons . | . . . . Explosions . | . . . . Melee . | . . . . Ramming 17 | . 17 . . Kinetic . | . . . . Thermal . | . . . . Explosive . | . . . . Electromagnetic . | . . . . Impact . | . . . . Slashing . | . . . . Piercing . | . . . . Highest Corruption . | . . . . Average Corruption . | . . . . Corruption Purged . | . . . . Overload Shots . | . . . . Overflow Damage . | . . . . Projectiles . | . . . . Explosions . | . . . . Melee . | . . . . Knockbacks . | . . . . Impact . | . . . . Kinetic . | . . . . Secondary . | . . . . Self-Inflicted Damage 8 | . 8 . . Shots . | . . . . Rammed 3 | . 3 . . Targets Rammed 3 | . 3 . . Kicked . | . . . . Crushed . | . . . . Highest Temperature . | . . . . Average Temperature . | . . . . Received Heat Transfer 177 | . 18 51 108 Siege Activations . | . . . . Robots Corrupted . | . . . . Combat Hostiles . | . . . . Parts Fried . | . . . . Impact Corruptions . | . . . . Robots Melted . | . . . . Combat Hostiles . | . . . . Parts Melted . | . . . . Heat Transferred . | . . . . Parts Sabotaged . | . . . . Parts Stolen . | . . . . Parts Stripped . | . . . . Power Chain Reactions . | . . . . Missiles Intercepted . | . . . . Alert | -11 -10 -9 -8 ------- Run | Scr Mat Mat Mat Peak Influence 59 | . 31 59 59 Average Influence 27 | . 12 31 37 Maximum Alert Level . | . . . . Low Security (%) 100 | 100 100 100 100 Level 1 . | . . . . Level 2 . | . . . . Level 3 . | . . . . Level 4 . | . . . . Level 5 . | . . . . High Security . | . . . . Max Security . | . . . . Squads Dispatched 3 | . 1 1 1 Investigation 2 | . . 1 1 Extermination . | . . . . Reinforcement 1 | . 1 . . Assault . | . . . . Garrison . | . . . . Intercept . | . . . . Construction Impeded . | . . . . Haulers Reinforced . | . . . . Stealth | -11 -10 -9 -8 --------- Run | Scr Mat Mat Mat Distress Signals 2 | . 2 . . Communications Jammed . | . . . . Distress Signals . | . . . . Times Spotted 28 | . 7 8 13 Peak Tracking Total 9 | . 6 9 7 Tactical Retreats 2 | . . . 2 Traps | -11 -10 -9 -8 ------- Run | Scr Mat Mat Mat Traps Triggered 1 | . 1 . . Indirectly . | . . . . Trap Hack Attempts . | . . . . Triggered . | . . . . Disarmed . | . . . . Reprogrammed . | . . . . Reused . | . . . . Traps Extracted . | . . . . Installed . | . . . . Triggered . | . . . . Machines | -11 -10 -9 -8 ---------- Run | Scr Mat Mat Mat Machines Disabled . | . . . . Max in Single Turn . | . . . . Machines Sabotaged . | . . . . Garrisons Compromised . | . . . . Overloaded Fab Kills . | . . . . Fab Network Shutdowns . | . . . . Hacking | -11 -10 -9 -8 --------- Run | Scr Mat Mat Mat Machines Accessed 6 | . 2 1 3 Terminals 6 | . 2 1 3 Fabricators . | . . . . Repair Stations . | . . . . Recycling Units . | . . . . Scanalyzers . | . . . . Garrison Access . | . . . . Total Hacks 16 | . 6 3 7 Successful 9 | . 4 3 2 Failed 7 | . 2 . 5 Catastrophic 3 | . . . 3 Database Lockouts . | . . . . Manual 5 | . 1 1 3 Terminals 16 | . 6 3 7 Fabricators . | . . . . Repair Stations . | . . . . Recycling Units . | . . . . Scanalyzers . | . . . . Garrison Access . | . . . . Terminal Hacks 9 | . 4 3 2 Record 1 | . . 1 . Prototype ID Bank 1 | . 1 . . Level Access Points 3 | . 1 1 1 Branch Access Points 1 | . . 1 . Emergency Access Points 2 | . 1 . 1 Registered Components 1 | . 1 . . Fabricator Hacks . | . . . . Repair Station Hacks . | . . . . Recycling Unit Hacks . | . . . . Scanalyzer . | . . . . Garrison Access Hacks . | . . . . Unauthorized Hacks . | . . . . Terminals . | . . . . Fabricators . | . . . . Repair Stations . | . . . . Recycling Units . | . . . . Scanalyzers . | . . . . Garrison Access . | . . . . Data Cores Recovered . | . . . . Used . | . . . . Hacking Detections 5 | . 1 1 3 Full Trace Events 3 | . . 1 2 Feedback Events . | . . . . Feedback Blocked . | . . . . Robot Schematics Acquired . | . . . . Robots Built . | . . . . Matter . | . . . . Time . | . . . . Total Robot Build Rating . | . . . . Part Schematics Acquired . | . . . . Parts Built . | . . . . Matter . | . . . . Time . | . . . . Total Part Build Rating . | . . . . Parts Repaired . | . . . . Time . | . . . . Parts Recycled . | . . . . Recycled Matter . | . . . . Retrieved Matter . | . . . . Retrieved Components . | . . . . Parts Scanalyzed . | . . . . Part Schematics Acquired . | . . . . Parts Damaged . | . . . . Bothacking | -11 -10 -9 -8 ------------ Run | Scr Mat Mat Mat Used RIF Installer . | . . . . Robots Hacked . | . . . . Non-combat . | . . . . Combat . | . . . . Robot Hacks Applied . | . . . . Relay Couplers Released . | . . . . Robots Rewired . | . . . . Allies Hacked . | . . . . Hacks Repelled . | . . . . Allies | -11 -10 -9 -8 -------- Run | Scr Mat Mat Mat Total Allies . | . . . . Largest Group . | . . . . Highest-Rated Group . | . . . . Highest-Rated Ally . | . . . . Total Orders . | . . . . Ally Attacks . | . . . . Total Damage . | . . . . Kills . | . . . . Allies Corrupted . | . . . . Allies Melted . | . . . . Intel | -11 -10 -9 -8 ------- Run | Scr Mat Mat Mat Robot Analysis Total . | . . . . Derelict Logs Recovered . | . . . . Drone Launches . | . . . . Drone Recoveries . | . . . . Exploration | -11 -10 -9 -8 ------------- Run | Scr Mat Mat Mat Turns Passed 261 | 21 65 58 117 Spaces Moved 504 | 30 115 111 248 Core 354 | 30 115 111 98 Treads . | . . . . Legs . | . . . . Wheels . | . . . . Hover . | . . . . Flight 150 | . . . 150 Fastest Speed 40 | 50 50 50 40 Average Speed 47 | 50 50 50 43 Slowest Speed 50 | 50 50 50 50 Overloaded Moves . | . . . . Propulsion Burnouts . | . . . . Robots Hopped 2 | . . . 2 Cave-ins Triggered . | . . . . Exploration Rate (%) 23 | 3 36 22 33 Regions Visited 3 Branch Regions . Pre-discovered Areas . | . . . . Known Exits Taken 2 | . 1 1 . Unknown Exits Taken 1 | 1 . . . Scrap Searched . | . . . . Spaces Dug . | . . . . Terrain Destroyed . | . . . . Melee . | . . . . Projectile . | . . . . AOE . | . . . . Actions | -11 -10 -9 -8 --------- Run | Scr Mat Mat Mat Total 518 | 34 120 112 252 Wait 1 | . 1 . . Move 497 | 29 114 110 244 Hop 2 | . . . 2 Pick Up 4 | 3 . . 1 Fast Attach 8 | 2 2 1 3 Attach 3 | . . 1 2 Detach . | . . . . Swap . | . . . . Drop . | . . . . Fire . | . . . . Melee . | . . . . Ram 3 | . 3 . . Kick . | . . . . Crush . | . . . . Escape Stasis . | . . . . Rewire . | . . . . Trap . | . . . . Miscellaneous . | . . . . Route ------- -11/Scrapyard -10/Materials (discovered 3 exits: *Mat x3) -9/Materials (discovered 5 exits: *Mat x3 / Min x2) -8/Materials (discovered 3 exits: Fac x3) History --------- Turn | Location | Event 10 | -11/Scrapyard | Discovered new exit (range 16) 22 | -11/Scrapyard | Entered Materials 54 | -10/Materials | Identified exit to Materials 87 | -10/Materials | Entered another Materials area 87 | -9/Materials | Evolved 2 slots: Propulsion x1, Utility x1 119 | -9/Materials | Identified exit to Mines 119 | -9/Materials | Identified exit to Materials 145 | -9/Materials | Entered another Materials area 145 | -8/Materials | Evolved 2 slots: Propulsion x1, Utility x1 238 | -8/Materials | Identified exit to Factory 262 | -8/Materials | Self-destructed Last Messages --------------- squad. 00211_ K-01 Serf collects debris. 00225_ T-07 Excavator is excavating. 00234_ K-01 Serf collects debris. 00238_ Connecting with Terminal... >>Access(Main) Found 3 level access points to Factory: (14,51) (47,88) (90,43) Map updated. 00241_ K-01 Serf collects debris. 00247_ Cesium-ion Thruster destroyed. 00247_ Acquired System Shield. 00248_ Ion Engine destroyed. 00249_ Connecting with Terminal... >>Access(Emergency) Found 1 emergency access door: (57,30) Map updated. Map ----- +----------------------------------------------------+ | | | | | | | | | | | | | | | | | | | | | | | | | | | | | ???????????????????????????????????????? | | ????????????? ????#????????????????????? | | ????????????? ??? #????????????????????? | | ????????????# ""? ############?????????? | | ????????????# """ ## #?????????? | | ????????????# ## #?????????? | | ????????????# ?# #?????????? | | ????????????# "" ?# #?????????? | | ????????????# "T ??# #?????????? | | ????????????# "" ??# #?????????? | | ????????????? ""???# #?????????? | | ???????###### ???# @ #?????????? | | ???????# ##+#########+#####?????????? | | ???????# #???????????? | | ???????# T #???????????? | | ???????# ############+####??????????? | | ???????## ##?????# #??????????? | | ##+##???# ####???# """ """ #??????????? | | ##### !!##??# """ """ #??????????? | | ! !#??# """ """ #??????????? | | !#??# #??????????? | | ######## !#??# ! #??????????? | | #+######???# !#??# [ #??????????? | | #???#!!##??#! #??????????? | | T #???####???###########??????????? | | "" #???????????????????????????????? | | "" !#???????????????????????????????? | | "" #???????????????????????????????? | | #???????????????????????????????? | | =#???????????????????????????????? | | #???????????????????????????????? | | ########???????????????????????????????? | | ???????????????????????????????????????? | | ???????????????????????????????????????? | | ???????????????????????????????????????? | | ???????????????????????????????????????? | +----------------------------------------------------+ Best States ------------- Heat Dissipation 45 Energy Generation 10 Energy Capacity 250 Matter Stores 292 Matter Capacity 300 Sight Range 20 Terrain Scan Density 10 Evasion (%) 62 Defensive Hacking 10 Item Schematics ----------------- None Robot Schematics ------------------ None Fabricated ------------ Nothing Alien Tech Used ----------------- None Achievements -------------- None Challenges ------------ None Game ------ Seed TachyonSubatomicBattery Manual? 0 Play Time 00:07:13 Cumulative 118.2 hours Start 2020.06.05 @ 20:26:13 End 2020.06.05 @ 20:31:06 Sessions 1 Manual Loads 0 Difficulty Rogue Special Mode None Game No. 269 Rogue 261 Adventurer 8 Explorer 0 Win Type - Total 7 Types 4/0/2/1/0/0/0 Lore% 77 Gallery% 78 Achievement% 58 Wizard Run 0 Options --------- ASCII 0 Keyboard 0 Movement Numpad Keybinds 0 Fullscreen 1 Font 12/Smallcaps Map View 83x54 Tactical HUD 1 Map Filters NONE Filters NONE Steam 1 RUN: 5f4cdab6-d3a1-4170-8f2a-d901f36dd3e3